 Dungeon Crawl Stone Soup version 0.25-a0-701-gb30f108 (webtiles) character file.

Game seed: 10393995164420004893, levelgen mode: deterministic

3995 robertstho the Grappler (level 10, 0/94 HPs)
             Began as a Troll Monk on Apr 2, 2020.
             Was a Priest of Uskayaw.
             Slain by a killer bee (8 damage)
             ... on level 8 of the Dungeon on Apr 3, 2020.
             The game lasted 00:13:11 (5579 turns).

robertstho the Grappler (Troll Monk)                Turns: 5579, Time: 00:13:12

Health: 0/94       AC:  7    Str: 24    XL:     10   Next: 3%
Magic:  4/11       EV: 15    Int:  6    God:    Uskayaw [***...]
Gold:   264        SH:  0    Dex: 12    Spells: 9/9 levels left

rFire    . . .     SeeInvis .     - Unarmed
rCold    . . .     Gourm    +   (no shield)
rNeg     . . .     Faith    +   a - +0 robe
rPois    .         Spirit   .   (helmet restricted)
rElec    .         Reflect  .   c - +0 cloak
rCorr    +         Harm     .   (gloves unavailable)
MR       .....                  (boots unavailable)
Stlth    ++........             k - amulet of faith
HPRegen  0.65/turn              r - ring of resist corrosion
MPRegen  0.12/turn              u - +3 ring of evasion

@: lethally poisoned (0 -> -7)
A: large, unfitting armour, claws 3, fast metabolism 3, gourmand, regeneration
1, shaggy fur 1, tough skin 3
a: Stomp, Line Pass, Renounce Religion


You were on level 8 of the Dungeon.
You worshipped Uskayaw.
Uskayaw was noncommittal.
You were very full.

You visited 2 branches of the dungeon, and saw 9 of its levels.
You also visited: Sewer.

You collected 469 gold pieces.
You spent 205 gold pieces at shops.

Inventory:

Missiles
 g - 3 throwing nets (quivered)
Armour
 a - a +0 robe (worn)
 c - a +0 cloak (worn)
 i - a scarf of spirit shield
Jewellery
 k - an amulet of faith (around neck)
 n - an uncursed amulet of magic regeneration
 r - a ring of resist corrosion (left claw)
 u - a +3 ring of evasion (right claw)
Wands
 o - a wand of digging (4)
Scrolls
 d - 7 scrolls of teleportation
 e - 4 scrolls of fear
 f - 4 scrolls of remove curse
 h - 5 scrolls of immolation
 m - 3 scrolls of enchant armour
 p - a scroll of blinking
 s - a scroll of brand weapon
 x - 2 scrolls of identify
 y - a scroll of enchant weapon
Potions
 j - 4 potions of curing
 l - a potion of haste
 q - 2 potions of invisibility
 t - a potion of stabbing
 v - 4 potions of flight
Comestibles
 b - 12 rations
 w - 14 chunks of flesh


   Skills:
 + Level 4.3 Fighting
 + Level 5.5 Dodging
 - Level 2.2 Stealth
 + Level 11.4 Unarmed Combat
 * Level 3.9 Invocations


You had 9 spell levels left.
You didn't know any spells.
Your spell library contained the following spells:

 Spells                   Type           Power        Failure   Level  Hunger
 Foxfire                  Conj/Fire      #...         45%         1    ##.....
 Sting                    Tmut/Pois      #...         45%         1    ##.....
 Poisonous Vapours        Pois/Air       #.....       58%         2    ###....
 Conjure Flame            Conj/Fire      #.......     83%         3    ####...
 Ignite Poison            Fire/Tmut/Pois #.......     83%         3    ####...
 Inner Flame              Hex/Fire       #.......     83%         3    ####...
 Mephitic Cloud           Conj/Pois/Air  #.......     83%         3    ####...
 Olgreb's Toxic Radiance  Pois           #.......     99%         4    #####..
 Sticky Flame             Conj/Fire      #.......     99%         4    #####..
 Fireball                 Conj/Fire      #.........   100%        5    ######.


Dungeon Overview and Level Annotations

Branches:
Dungeon (8/15)             Temple (1/1) D:5            Lair (0/6) D:8
  Sewer (visited)

Altars:
Ashenzari
Cheibriados
Dithmenos
Elyvilon
Fedhas
Gozag
Hepliaklqana
Kikubaaqudgha
Makhleb
Nemelex Xobeh
Okawaru
Qazlal
Ru
Sif Muna
Trog
Uskayaw
Vehumet
Wu Jian
Xom
Yredelemnul
The Shining One

Shops:
D:5 *[*


Innate Abilities, Weirdness & Mutations

You are too large for most types of armour.
You have claws for hands.
Your metabolism is lightning-fast.
You like to eat raw meat.
Your natural rate of healing is unusually fast.
You are covered in fur. (AC +1)
You have extremely tough skin. (AC +3)


Message History

You mangle the killer bee!!
You kill the killer bee!
You have reached level 10!
You feel sick.
The helpless killer bee fails to defend itself.
You mangle the killer bee!!
You kill the killer bee!
You feel sick.
The killer bee is no longer paralysed. x2
The killer bee misses you. The killer bee stings you!
* * * LOW HITPOINT WARNING * * *
The killer bee stings you.
* * * LOW HITPOINT WARNING * * *
The killer bee stings you but does no damage.
You claw the killer bee!
You kill the killer bee!
You feel sick. The killer bee misses you.
You closely miss the killer bee.
The killer bee is severely wounded.
You feel sick. The killer bee stings you!
You die...

..P..##..#####....##....
..PPP###..............8.
.PP.P.#..#######........
PPP...#..# ##........
..P.P....# #.........
PP.......# ##.........
PPP......# #..........
PP...#...# #...y......
P.P.##..## #..@.......
...## ##†††...... ...#
##........ P.##
#........ ..# #........
.## +........ ##
#........ # #(....... #


You could see a killer bee.

Vanquished Creatures
  A yak (D:8)
  Eustachio (D:6)
  Menkaure (D:4)
  3 porcupines (D:8)
  2 orc warriors
  2 sky beasts (D:5)
  A phantom (D:5)
  An ice beast (D:6)
  4 black bears (D:8)
  2 ogres
  A crocodile (D:8)
  A big kobold (D:4)
  3 bullfrogs
  11 killer bees (D:8)
  3 wights (D:6)
  4 crimson imps
  2 bullfrog zombies (D:5)
  3 hounds
  6 orc priests
  A centaur skeleton (D:8)
  Crazy Yiuf (D:2)
  5 orc wizards
  An iguana (D:8)
  A merfolk siren (Sewer)
  4 worker ants
  A merfolk avatar (Sewer)
  A hound skeleton (D:4)
  A howler monkey zombie (D:5)
  A howler monkey skeleton (D:6)
  7 gnolls (D:5)
  A river rat (Sewer)
  13 adders
  A shadow imp (D:6)
  2 oozes
  3 adder skeletons (D:5)
  A worm (D:5)
  3 dart slugs (D:2)
  7 leopard geckos
  28 orcs
  7 giant cockroaches
  5 goblins
  10 hobgoblins
  12 jackals
  4 quokkas
  3 ball pythons
  6 bats
  8 frilled lizards
  14 kobolds
  2 leopard gecko zombies
  A quokka zombie (D:5)
  31 rats
238 creatures vanquished.

Vanquished Creatures (others)
  15 fungi (D:8)
  2 plants (D:8)
17 creatures vanquished.

Grand Total: 255 creatures vanquished

Notes
Turn   | Place    | Note
-------+----------+-------------------------------------------
     0 | D:1      | robertstho the Troll Monk began the quest for the Orb.
     0 | D:1      | Reached XP level 1. HP: 22/22 MP: 0/0
   105 | D:1      | Reached XP level 2. HP: 29/29 MP: 1/1
   373 | D:1      | Reached XP level 3. HP: 33/36 MP: 2/2
   827 | D:2      | Found a runed translucent door.
   828 | D:2      | Noticed Crazy Yiuf
   944 | D:2      | Reached XP level 4. HP: 44/44 MP: 3/3
  1139 | D:2      | Killed Crazy Yiuf
  1139 | D:2      | Reached skill level 4 in Unarmed Combat
  1376 | D:3      | Reached XP level 5. HP: 39/52 MP: 4/4
  2105 | D:4      | Noticed Menkaure
  2108 | D:4      | Reached skill level 5 in Unarmed Combat
  2113 | D:4      | Killed Menkaure
  2113 | D:4      | Reached XP level 6. HP: 34/61 MP: 5/5
  2123 | D:3      | HP: 3/61 [orc wizard/+0 dagger (6)]
  2224 | D:4      | Reached skill level 6 in Unarmed Combat
  2281 | D:4      | Reached XP level 7. HP: 66/67 MP: 6/6
  2757 | D:4      | Found a glowing drain.
  2775 | Sewer    | Entered a sewer
  2792 | Sewer    | Upgraded the game from 0.25-a0-700-g7f8a797 to
                  | 0.25-a0-701-gb30f108
  2850 | Sewer    | Reached skill level 7 in Unarmed Combat
  3368 | D:5      | Entered Level 5 of the Dungeon
  3384 | D:5      | Found a blossoming altar of Fedhas.
  3438 | D:5      | Found Wicw's Assorted Antiques.
  3450 | D:5      | Bought a scroll of identify for 64 gold pieces
  3450 | D:5      | Bought a scroll of identify for 64 gold pieces
  3472 | D:5      | Found Kary's Antique Armour Shoppe.
  3533 | D:5      | Reached XP level 8. HP: 39/75 MP: 7/7
  3569 | D:5      | Reached skill level 8 in Unarmed Combat
  3603 | D:5      | Found a hazy altar of Hepliaklqana.
  3730 | D:5      | Found a shadowy altar of Dithmenos.
  3770 | D:5      | Found Orurea's General Store.
  3785 | D:5      | Bought a scroll of immolation for 49 gold pieces
  3785 | D:5      | Bought a scroll of identify for 28 gold pieces
  3894 | D:5      | Found a staircase to the Ecumenical Temple.
  3905 | Temple   | Entered the Ecumenical Temple
  4052 | Temple   | Became a worshipper of Uskayaw the Reveler
  4052 | Temple   | Reached * piety under Uskayaw
  4167 | D:6      | Reached ** piety under Uskayaw
  4178 | D:6      | You fall into a shaft and drop 1 floor!
  4224 | D:7      | Reached skill level 9 in Unarmed Combat
  4229 | D:7      | Reached *** piety under Uskayaw
  4304 | D:7      | Reached skill level 1 in Invocations
  4348 | D:7      | Found Uwnatom's Jewellery Shop.
  4543 | D:7      | Found a blossoming altar of Fedhas.
  4670 | D:6      | Reached **** piety under Uskayaw
  4672 | D:6      | Reached ***** piety under Uskayaw
  4774 | D:6      | Reached XP level 9. HP: 18/84 MP: 5/9
  4942 | D:6      | Reached skill level 10 in Unarmed Combat
  5011 | D:6      | Noticed Eustachio
  5015 | D:6      | Killed Eustachio
  5242 | D:8      | Found an iron altar of Okawaru.
  5242 | D:8      | Found a shimmering blue altar of Sif Muna.
  5242 | D:8      | Found a shimmering altar of Xom.
  5245 | D:8      | Found a white marble altar of Elyvilon.
  5245 | D:8      | Found a bloodstained altar of Trog.
  5248 | D:8      | Reached skill level 5 in Dodging
  5261 | D:8      | Reached ****** piety under Uskayaw
  5488 | D:8      | Reached skill level 11 in Unarmed Combat
  5495 | D:8      | Found a staircase to the Lair.
  5576 | D:8      | Reached XP level 10. HP: 23/93 MP: 4/11
  5579 | D:8      | Slain by a killer bee

Levels and vault maps discovered:
D:1:      enne_arrival_octagon_isle, layout_basic, corexii_leaking_fountain
D:2:      layout_rooms, serial_glass, glass_columns_a, glass_columns_a,
          glass_columns_a, glass_columns_c, glass_columns_c, glass_columns_a,
          glass_columns_a, glass_columns_b, glass_columns_a, glass_columns_a,
          minmay_misc_feat_room, uniq_crazy_yiuf_cottage
D:3:      layout_loops_cross, first_ration, chequers_serial_rivers_micro_a
D:4:      cheibrodos_thug_alley, layout_rooms, serial_curves, eino_curves_03,
          eino_curves_03, cheibrodos_sewer_entry_drain, uniq_menkaure
D:5:      layout_basic, lemuel_doored_altar, lemuel_round_altar,
          minmay_temple_entry_hall, serial_shops, nicolae_shop_stone, shop,
          shop_fountains, fedhas_altar_2
D:6:      layout_rooms, uniq_eustachio
D:7:      layout_rooms, nicolae_overflow_crystal_walls, serial_shops,
          nicolae_shop_waterfront
D:8:      layout_cave_pods, kennysheep_little_box, grunt_temple_overflow_open,
          due_lair_maze_entry_diamond, basic_altar, serial_ice, serial_ice_f,
          serial_ice_o, serial_ice_e, serial_ice_m, enter_bailey_6
Temple:   dshaligram_water_room_temple

Skill      XL: |  1  2  3  4  5  6  7  8  9 |
---------------+----------------------------+-----
Dodging        | 3 4 5 |  5.5
Unarmed Combat | 4 5 6 7 9 11 | 11.4
Fighting       | 3 4 |  4.3
Stealth        | 2 |  2.2
Invocations    | 1 3 |  3.9

Action                   |  1- 3 |  4- 6 |  7- 9 | 10-12 || total
-------------------------+-------+-------+-------+-------++-------
Melee: Unarmed           |    99 |   107 |   377 |     3 ||   586
       Punch             |       |     1 |    13 |       ||    14
Invok: Stomp             |       |       |     3 |       ||     3
  Use: Potion            |       |     4 |     1 |       ||     5
       Scroll            |       |       |    13 |       ||    13
 Stab: Sleeping          |     1 |     2 |    10 |       ||    13
       Paralysed         |       |       |     9 |     1 ||    10
       Distracted        |       |       |     1 |       ||     1
  Eat: Chunk             |    14 |    12 |    31 |       ||    57
Armor: Robe              |    63 |    25 |   101 |     1 ||   190
Dodge: Dodged            |    78 |    63 |   280 |     2 ||   423

Table legend:
 A = Non-vault XP
 B = Vault XP
 C = Vault XP percentage of total XP
 D = Non-vault monster count
 E = Vault monster count
 F = Vault count percentage of total count
                 A         B        C        D         E       F
            +---------+---------+-------+---------+---------+-------
      Total |    3881 |    1827 |  32.0 |     175 |      63 |  26.5
            +---------+---------+-------+---------+---------+-------
        D:1 |      50 |       0 |   0.0 |      30 |       0 |   0.0
        D:2 |      50 |      40 |  44.4 |      17 |       1 |   5.6
        D:3 |     223 |       0 |   0.0 |      25 |       0 |   0.0
        D:4 |     422 |     287 |  40.5 |      17 |      13 |  43.3
        D:5 |     810 |       0 |   0.0 |      33 |       0 |   0.0
        D:6 |     997 |     185 |  15.7 |      26 |       1 |   3.7
        D:7 |     305 |       0 |   0.0 |      10 |       0 |   0.0
        D:8 |    1024 |    1152 |  52.9 |      17 |       8 |  32.0
      Sewer |       0 |     163 | 100.0 |       0 |      40 | 100.0
            +---------+---------+-------+---------+---------+-------
